AoeStats
← ramon_beas21

Arena

510333014Analyzed
1v1 RM · 11h ago on Sep 30, 2026· 51m 58s· 2 players
Game mode
Random Map
Map size
Tiny (2 player)
Population
200
Speed
Normal
Resources
Standard
Victory
Conquest
Starting age
Dark Age
Ending age
Imperial Age
RankedLock teamsTeams togetherTeam positionsShared explorationLock speedFull tech treeHidden civsTurbo modeCheats
Victory
Defeat
🇪🇸 Britons · Spain
439
+16
🇫🇷 Persians · France
435
-16
khdsdi
11:42 Feudal Age
11:58 Horse Collar
12:07 Double-Bit Axe
15:11 Wheelbarrow
17:39 Man-at-Arms
22:06 Castle Age
22:14 Long Swordsman
24:54 Thumb Ring
24:09 Crossbowman
25:33 Gambesons
27:08 Town Watch
27:42 Hand Cart
27:55 Scale Barding Armor
27:51 Scale Mail Armor
28:02 Forging
27:53 Padded Archer Armor
27:44 Fletching
27:58 Husbandry
33:33 Town Patrol
34:12 Bloodlines
34:16 Heated Shot
37:56 Leather Archer Armor
37:37 Bodkin Arrow
38:01 Loom
38:04 Light Cavalry
43:55 Imperial Age
44:07 Imperial Age
42:12 Heavy Plow
43:04 Chain Mail Armor
43:09 Chain Barding Armor
48:15 Chemistry
47:35 Ballistics
ramon_beas21
0:40 Loom
12:07 Feudal Age
13:42 Man-at-Arms
17:19 Horse Collar
21:35 Castle Age
21:29 Padded Archer Armor
22:58 Crossbowman
26:21 Yeomen
28:18 Fletching
30:02 Pikeman
33:12 Leather Archer Armor
33:08 Forging
37:42 Fortified Wall
37:53 Ballistics
41:53 Imperial Age
39:32 Scale Mail Armor
44:41 Halberdier
48:43 Elite Longbowman
Connection lost

Rejoining the realm…

Still unreachable

The connection could not be restored.

Session expired

The server has moved on; the page needs a fresh start.